 Dungeon Crawl Stone Soup version 0.31-a0-187-gba352fbbf7 (webtiles) character file.

Game seed: 12698770944142162467

304 qw the Skirmisher (level 6, -3/35 HPs)
             Began as a Deep Elf Hunter on June 22, 2023.
             Slain by Eustachio
             ... wielding a +4 falchion of freezing
              (5 damage)
             ... on level 4 of the Dungeon.
             The game lasted 00:01:00 (3145 turns).

qw the Skirmisher (Deep Elf Hunter)                 Turns: 3145, Time: 00:01:01

Health: -3/35      AC:  8    Str: 10    XL:     6   Next: 15%
Magic:  8/8        EV: 11    Int: 14    God:
Gold:   224        SH:  0    Dex: 18    Spells: 5/5 levels left

rFire   + . .        Y - +1 shortbow
rCold   . . .        (shield currently unavailable)
rNeg    . . .        j - +1 ring mail
rPois   +            d - +2 hat
rElec   .            (no cloak)
rCorr   .            (no gloves)
SInv    .            (no boots)
Will    .....        (no amulet)
Stlth   +            k - ring of poison resistance
HPRegen 0.25/turn    a - ring of protection from fire
MPRegen 0.11/turn

%: no passive effects
@: no status effects
A: no striking features
a: no special abilities


You were on level 4 of the Dungeon.
You visited 1 branch of the dungeon, and saw 4 of its levels.

You collected 224 gold pieces.


   Skills:
 - Level 2.0 Fighting
 + Level 9.6 Ranged Weapons
 - Level 2.4 Dodging
 - Level 1.2 Stealth


You had 5 spell levels left.
You didn't know any spells.
Your spell library was empty.

Inventory:

Hand Weapons
 Y - a +1 shortbow (weapon)
Armour
 d - a +2 hat (worn)
 j - a +1 ring mail (worn)
 m - a +0 cloak
Jewellery
 a - a ring of protection from fire (right hand)
 k - a ring of poison resistance (left hand)
Scrolls
 g - 3 scrolls of blinking {unknown}
 l - a scroll of identify {unknown}
 n - a scroll of poison {unknown}
Potions
 b - a potion of ambrosia {unknown}
 c - a potion of curing
 e - a potion of cancellation
 f - a potion of resistance {unknown}
 h - a potion of heal wounds {unknown}
 i - a potion of might {unknown}

Dungeon Overview and Level Annotations

Branches:
Dungeon (4/15)
 Temple: D:4-7

Altars:
Sif Muna
Zin

Annotations:
D:4 Eustachio


Message History

You shoot an arrow. The arrow closely misses the bat.
The bat barely misses you.
Eustachio mumbles some strange words.
You shoot an arrow. The arrow barely misses the bat.
The bat hits you but does no damage.
The quokka twitches its whiskers.
You shoot an arrow. The arrow hits the bat.
You kill the bat!
The bat's corpse disappears in a puff of smoke!
You shoot an arrow. The arrow closely misses Eustachio.
Eustachio casts a spell.
You shoot an arrow.
The arrow hits the bat but does no damage.
The bat hits you but does no damage.
The quokka bites you but does no damage.
You shoot an arrow.
The arrow hits Eustachio but does no damage.
Eustachio is heavily wounded.
The bat misses you.
The quokka bites you but does no damage.
Eustachio hits you with a +4 falchion of freezing.
Eustachio freezes you. The quokka closely misses you.
You shoot an arrow. The arrow hits Eustachio.
Eustachio is heavily wounded.
The bat hits you but does no damage.
Eustachio hits you with a +4 falchion of freezing.
Eustachio freezes you.
The quokka bites you but does no damage.
You shoot an arrow. The arrow hits Eustachio.
Eustachio is heavily wounded.
Eustachio hits you with a +4 falchion of freezing!
Eustachio freezes you. The quokka bites you.
The rat bites you but does no damage.
You shoot an arrow. The arrow hits Eustachio.
Eustachio is severely wounded.
Eustachio hits you with a +4 falchion of freezing!
Eustachio freezes you. The quokka barely misses you.
The rat bites you but does no damage.
Eustachio hits you with a +4 falchion of freezing.
You die...

#..$.#
##....#############
#..................
#..................
#..................
.............##...
#.r.........###...
##@rb.............#
##..@.............#.
##...##.........#....
#.....##..#(##..#....
#.........#..........
#..........#.##......
###....)...#...##.....
#....#.....#..........
##...#.......##.......


You could see Eustachio, a quokka (summoned), a bat (summoned) and a rat
(summoned).

Vanquished Creatures
  An ogre (D:3)
  A hound (D:4)
  An orc priest (D:3)
  An iguana (D:4)
  An orc wizard (D:2)
  4 adders
  A worm (D:3)
  2 dart slugs
  7 orcs
  5 ball pythons
  4 bats
  5 endoplasms
  5 giant cockroaches
  5 goblins
  8 hobgoblins
  6 kobolds
  A quokka (D:3)
  2 frilled lizards
  8 rats
68 creatures vanquished.

Notes
Turn   | Place    | Note
-------+----------+-------------------------------------------
     0 | D:1      | qw the Deep Elf Hunter began the quest for the Orb.
     0 | D:1      | Reached XP level 1. HP: 12/12 MP: 3/3
     0 | D:1      | 0 ||| qw: Version: 0.3-a-9-g12657ce
     0 | D:1      | 0 ||| qw: Game counter: 2558
     0 | D:1      | 0 ||| qw: Always use a shield: true
     0 | D:1      | 0 ||| qw: God list: Okawaru
     0 | D:1      | 0 ||| qw: Allow faded altars: false
     0 | D:1      | 0 ||| qw: Do Orc after D:15 true
     0 | D:1      | 0 ||| qw: Do second Lair branch before Depths: true
     0 | D:1      | 0 ||| qw: Lair rune preference: random
     0 | D:1      | 0 ||| qw: Plans: Normal
     0 | D:1      | 0 ||| PLANNING D:1-11
    43 | D:1      | 43 ||| FLEEEEING.
    44 | D:1      | 44 ||| FLEEEEING.
    45 | D:1      | 45 ||| FLEEEEING.
    46 | D:1      | 46 ||| FLEEEEING.
    47 | D:1      | 47 ||| FLEEEEING.
   114 | D:1      | Reached XP level 2. HP: 16/16 MP: 4/4
   139 | D:1      | Reached skill level 6 in Ranged Weapons
   598 | D:1      | Reached XP level 3. HP: 20/20 MP: 5/5
   896 | D:1      | 896 ||| UPGRADING to +1 hat.
   901 | D:1      | 901 ||| DROPPING +1 hat.
   902 | D:1      | 902 ||| UPGRADING to +0 ring mail.
   912 | D:1      | 912 ||| DROPPING +0 leather armour.
   913 | D:1      | 913 ||| UPGRADING to ring of poison resistance.
   914 | D:1      | 914 ||| READING scroll labelled OSUDARYEFF.
   915 | D:1      | 915 ||| READING scroll labelled WAHADD GAREANE.
   916 | D:1      | 916 ||| READING 2 scrolls labelled JODALULONIC.
   917 | D:1      | 917 ||| DRINKING 2 fuming coppery potions.
   951 | D:1      | 951 ||| DROPPING scroll of butterflies.
   952 | D:1      | 952 ||| DROPPING scroll of noise.
   953 | D:1      | 953 ||| DROPPING potion of lignification.
  1085 | D:2      | Reached skill level 7 in Ranged Weapons
  1513 | D:2      | Reached XP level 4. HP: 25/25 MP: 6/6
  1841 | D:2      | 1841 ||| READING scroll labelled SISALO TUNTUTE.
  1842 | D:2      | 1842 ||| READING scroll labelled FUOFFI UDGHIAL.
  1843 | D:2      | 1843 ||| DRINKING 2 orange potions.
  1880 | D:3      | 1880 ||| STAIRDANCE
  1886 | D:2      | HP: 6/25 [orc wizard/+0 dagger (1)]
  1888 | D:2      | HP: 2/25 [orc/+0 short sword (4)]
  1894 | D:2      | HP: 1/25 [orc/+0 short sword (3)]
  1996 | D:3      | Reached skill level 8 in Ranged Weapons
  2077 | D:3      | 2077 ||| READING scroll of enchant armour.
  2077 | D:3      | 2077 ||| ENCHANTING +1 hat.
  2308 | D:3      | HP: 6/25 [orc priest/+0 hand axe (5)]
  2314 | D:3      | Reached XP level 5. HP: 6/29 MP: 7/7
  2454 | D:3      | Found a glowing silver altar of Zin.
  2756 | D:3      | 2756 ||| UPGRADING to ring of protection from fire.
  2757 | D:3      | 2757 ||| READING scroll labelled FEMNOH VUASUI.
  2761 | D:3      | 2761 ||| DRINKING 2 yellow potions.
  2808 | D:4      | Noticed an ogre
  2815 | D:4      | 2815 ||| STAIRDANCE
  2821 | D:3      | Killed an ogre
  2822 | D:3      | Reached skill level 9 in Ranged Weapons
  2889 | D:4      | 2889 ||| STAIRDANCE
  2954 | D:4      | Found a shimmering blue altar of Sif Muna.
  2958 | D:4      | Reached XP level 6. HP: 35/35 MP: 8/8
  3102 | D:4      | 3102 ||| READING scroll of enchant armour.
  3102 | D:4      | 3102 ||| ENCHANTING +0 ring mail.
  3130 | D:4      | Noticed Eustachio
  3145 | D:4      | HP: 4/35 [Eustachio/+4 falchion of freezing (7)]
  3145 | D:4      | Slain by Eustachio

Levels and vault maps discovered:
D:1:      minmay_arrival_radiant_lines, layout_loops_corners,
          minmay_misc_feat_rows, minivault_25
D:2:      layout_basic, minmay_worlds_worst_comb
D:3:      layout_basic, mainiacjoe_overflow_paths, patterned_corridor
D:4:      layout_cave_pools, nicolae_sif_muna_condensation,
          lemuel_coloured_pillars_altar, gammafunk_ghost_mausoleum,
          palyth_stone_intersect, uniq_eustachio

Skill      XL: |  1  2  3  4  5 |
---------------+----------------+-----
Ranged Weapons | 6 7 8 9 |  9.6
Fighting       | 2 |  2.0
Dodging        | |  2.4
Stealth        | |  1.2

Action                     |  1- 3 |  4- 6 || total
---------------------------+-------+-------++-------
   Fire: Shortbow          |   112 |    94 ||   206
    Use: Scroll            |     3 |     5 ||     8
         Potion            |     1 |     2 ||     3
 Armour: Leather armour    |     7 |       ||     7
         Ring mail         |     7 |    41 ||    48
  Dodge: Dodged            |    21 |    55 ||    76

Table legend:
 A = Non-vault XP
 B = Vault XP
 C = Vault XP percentage of total XP
 D = Non-vault monster count
 E = Vault monster count
 F = Vault count percentage of total count
                 A         B        C        D         E       F
            +---------+---------+-------+---------+---------+-------
      Total |     429 |       6 |   1.4 |      65 |       3 |   4.4
            +---------+---------+-------+---------+---------+-------
        D:1 |      49 |       0 |   0.0 |      28 |       0 |   0.0
        D:2 |      90 |       6 |   6.2 |      19 |       3 |  13.6
        D:3 |     180 |       0 |   0.0 |      12 |       0 |   0.0
        D:4 |     110 |       0 |   0.0 |       6 |       0 |   0.0
            +---------+---------+-------+---------+---------+-------
